 Dungeon Crawl Stone Soup version 0.30-a0-371-gad7725a93e (webtiles) character file.

Game seed: 1054809472590159307

1066 purpskrrrp the Covert (level 8, -3/44 HPs)
             Began as a Vampire Brigand on Nov 22, 2022.
             Slain by a black bear (4 damage)
             ... on level 4 of the Dungeon.
             The game lasted 00:12:25 (5126 turns).

purpskrrrp the Covert (Vampire Brigand)             Turns: 5126, Time: 00:12:26

Health: -3/44      AC:  4    Str: 10    XL:     8   Next: 7%
Magic:  8/8        EV: 12    Int: 13    God:
Gold:   73         SH:  0    Dex: 18    Spells: 7/7 levels left

rFire   . . .      SeeInvis +    l - +4 rapier (venom)
rCold   + + .      Faith    .    (no shield)
rNeg    + + +      Spirit   .    b - +0 robe
rPois   ∞          Reflect  .    (no helmet)
rElec   .          Harm     .    c - +0 cloak
rCorr   .          Rampage  .    (no gloves)
Will    .....                    k - +0 pair of boots
Stlth   ++++++++..               (no amulet)
HPRegen 0.00/turn                (no ring)
MPRegen 0.11/turn                (no ring)

@: bloodless, inhibited regen
A: bloodless, fangs 3, see invisible, vampiric 2
a: Bat Form, Revivify


You were on level 4 of the Dungeon.
You visited 1 branch of the dungeon, and saw 5 of its levels.
You also visited: Sewer.

You collected 199 gold pieces.
You spent 126 gold pieces at shops.

Inventory:

Hand Weapons
 a - a +2 dagger
 f - a +1 vampiric dagger
 l - a +4 rapier of venom (weapon)
Missiles
 d - 22 poisoned darts
 e - 3 curare-tipped darts
Armour
 b - a +0 robe (worn)
 c - a +0 cloak (worn)
 k - a +0 pair of boots (worn)
Jewellery
 u - a +4 ring of evasion
Wands
 i - a wand of polymorph (9)
Scrolls
 h - 3 scrolls of teleportation
 o - a scroll of fog
 p - a scroll of silence
 s - 2 scrolls of magic mapping {unknown}
 t - a scroll of fear
 v - 2 scrolls of identify
Potions
 m - 3 potions of invisibility {unknown}
 n - 3 potions of haste {unknown}
 q - a potion of mutation {unknown}
 r - a potion of brilliance {unknown}


   Skills:
 - Level 1.7 Fighting
 + Level 6.2 Short Blades
 - Level 1.5 Throwing
 - Level 1.1 Dodging
 * Level 13.2 Stealth


You had 7 spell levels left.
You didn't know any spells.
Your spell library contained the following spells:

 Spells                   Type           Power      Damage    Failure   Level
 Kiss of Death            Conj/Necr      0%         2d5       30%         1
 Confusing Touch          Hex            0%         N/A       67%         3
 Gell's Gravitas          Tloc           0%         N/A       67%         3
 Lesser Beckoning         Tloc           0%         N/A       67%         3
 Teleport Other           Tloc           0%         N/A       67%         3
 Dispel Undead            Necr           0%         3d6       97%         4


Dungeon Overview and Level Annotations

Branches:
Dungeon (5/15)             Temple (0/1) D:4           Sewer (visited)

Altars:

Shops:
D:1 (

Annotations:
D:2 Robin


Innate Abilities, Weirdness & Mutations

You do not regenerate when monsters are visible.
You are frail without blood (-20% HP).
You can heal yourself when you bite living creatures.
You are immune to poison.
You have razor-sharp teeth.
You have supernaturally acute eyesight. (SInv)
You are afflicted with vampirism and can become a bat while bloodless.


Message History

The white imp gestures at you. The puff of frost hits you. You resist.
* * * LOW HITPOINT WARNING * * *
The phantom closely misses you.
You closely miss the phantom.
The phantom is almost destroyed.
The white imp gestures at you. The puff of frost hits you. You resist.
* * * LOW HITPOINT WARNING * * *
The phantom hits you.
* * * LOW HITPOINT WARNING * * *
You feel better. The white imp hits you. The white imp freezes you. You resist.
The phantom closely misses you.
You closely miss the phantom.
The phantom is almost destroyed.
The white imp barely misses you. The phantom hits you.
* * * LOW HITPOINT WARNING * * *
The phantom blinks!
You blink.
You hit the phantom.
You destroy the phantom!
You have reached level 8!
The white imp gestures at you. The puff of frost hits you. You resist.
* * * LOW HITPOINT WARNING * * *
The white imp gestures at you. The puff of frost hits you. You resist.
* * * LOW HITPOINT WARNING * * *
There is a stone staircase leading up here.
You climb upwards.
There is a stone staircase leading down here.
You are too injured to fight recklessly!
You are too injured to fight recklessly!
You are too injured to fight recklessly!
The black bear misses you. The black bear claws you.
* * * LOW HITPOINT WARNING * * *
The black bear claws you.
* * * LOW HITPOINT WARNING * * *
You barely miss the black bear. The black bear misses you.
The black bear claws you.
You die...

#####.....## ##.#
#####.# #.# #.##
#.## #..# #..#
##.## #..### #..#
#..#.# #..## #...##
##.<###>..##
######..##.@...####
#.........h.......#
#...............###
####)..###.....##
#..## ##...## ##..#
#...## #..##
##...## ##.##
##...## #†.#
#....##


You could see a black bear.

Vanquished Creatures
  Pargi (Sewer)
  A centaur (D:5)
  An ogre (D:5)
  3 phantoms (D:5)
  A bullfrog (D:4)
  A scorpion (D:4)
  A howler monkey (D:5)
  2 hounds (D:4)
  An orc priest (D:3)
  Natasha (thrice) (D:2)
  4 river rats (D:5)
  9 adders
  An ufetubus (D:4)
  4 worms
  4 dart slugs
  11 orcs
  16 ball pythons
  7 bats
  9 endoplasms
  4 giant cockroaches
  12 hobgoblins
  10 jackals
  3 quokkas
  A ball python zombie (D:2)
  4 frilled lizards
  7 goblins
  10 kobolds
  A quokka skeleton (D:2)
  10 rats
142 creatures vanquished.

Vanquished Creatures (others)
  A ball python (D:4)
  11 withered plants (D:2)
12 creatures vanquished.

Grand Total: 154 creatures vanquished

Notes
Turn   | Place    | Note
-------+----------+-------------------------------------------
     0 | D:1      | purpskrrrp the Vampire Brigand began the quest for the Orb.
     0 | D:1      | Reached XP level 1. HP: 16/16 MP: 1/1
    42 | D:1      | Reached skill level 6 in Stealth
   122 | D:1      | Reached XP level 2. HP: 12/17 MP: 2/2
   246 | D:1      | Found Myemoqe's Antique Weapon Emporium.
   482 | D:1      | Reached skill level 7 in Stealth
   497 | D:1      | Gained mutation: You are afflicted with vampirism and can
                  | become a bat while bloodless. [Vampire growth]
   497 | D:1      | Reached XP level 3. HP: 21/21 MP: 3/3
   956 | D:2      | Noticed Natasha
  1262 | D:3      | Reached XP level 4. HP: 20/26 MP: 4/4
  1507 | D:3      | Reached skill level 8 in Stealth
  2127 | D:2      | Noticed Robin
  2450 | D:2      | Killed Natasha
  2451 | D:2      | Reached XP level 5. HP: 24/30 MP: 5/5
  2611 | D:2      | Reached skill level 9 in Stealth
  2797 | D:2      | Noticed Natasha
  2809 | D:2      | Killed Natasha
  2969 | D:2      | Noticed Natasha
  2990 | D:2      | Killed Natasha
  3138 | D:4      | Reached XP level 6. HP: 22/35 MP: 6/6
  3144 | D:4      | Reached skill level 10 in Stealth
  3200 | D:4      | Found a staircase to the Ecumenical Temple.
  4375 | D:1      | Bought a runed rapier for 126 gold pieces
  4448 | D:5      | Entered Level 5 of the Dungeon
  4474 | D:5      | Reached skill level 11 in Stealth
  4594 | D:5      | Reached skill level 5 in Short Blades
  4594 | D:5      | Reached XP level 7. HP: 30/39 MP: 7/7
  4653 | D:5      | Found a glowing drain.
  4669 | Sewer    | Entered a sewer
  4706 | Sewer    | Noticed Pargi
  4710 | Sewer    | Killed Pargi
  4890 | D:5      | Reached skill level 12 in Stealth
  5100 | D:5      | Reached skill level 13 in Stealth
  5118 | D:5      | Reached XP level 8. HP: 11/44 MP: 8/8
  5125 | D:4      | HP: 1/44 [black bear (3)]
  5126 | D:4      | Slain by a black bear

Illustrated notes

Levels and vault maps discovered:
D:1:      lemuel_arrival_tunnels, layout_loops_ring, serial_forest,
          infiniplex_forest_zigzag_1, infiniplex_forest_lined_corner,
          infiniplex_forest_corner_1, infiniplex_forest_corner_2,
          infiniplex_forest_lined_ring, serial_shops,
          nicolae_shop_temple_entry_statues_fountains, st_stairs_11
D:2:      layout_rooms, serial_undead, serial_undead_a, serial_undead_e,
          serial_undead_f, serial_undead_b, due_unseen_surprise, uniq_robin,
          uniq_natasha
D:3:      layout_loops_corners, kennysheep_generic_room_11
D:4:      layout_layer_cave, minmay_temple_entry_from_below_a,
          chequers_serial_rivers_room_b, minmay_bisected
D:5:      layout_cave_pods, lightli_sewer_entry_pipes

Skill      XL: |  1  2  3  4  5  6  7 |
---------------+----------------------+-----
Stealth        | 6 7 8 9 11 13 | 13.2
Short Blades   | 3 4 5 6 |  6.2
Fighting       | |  1.7
Throwing       | |  1.5
Dodging        | |  1.1

Action                   |  1- 3 |  4- 6 |  7- 9 || total
-------------------------+-------+-------+-------++-------
Melee: Dagger            |   136 |   235 |       ||   371
       Bite              |    11 |    26 |     8 ||    45
       Punch             |     1 |     3 |     2 ||     6
       Rapier            |       |    18 |    90 ||   108
 Abil: Exsanguinate      |     1 |       |       ||     1
  Use: Scroll            |     4 |     7 |       ||    11
       Potion            |     2 |     1 |     4 ||     7
 Stab: Sleeping          |    15 |    26 |     6 ||    47
       Distracted        |       |     1 |       ||     1
Armor: Robe              |    41 |    65 |    19 ||   125
Dodge: Dodged            |    93 |   184 |    72 ||   349

Table legend: (Time is in decaauts)
 A = Elapsed time spent in this place.
 B = Non-inter-level travel time spent in this place.
 C = Inter-level travel time spent in this place.
 D = Time resting spent in this place.
 E = Time spent auto-exploring this place.
 F = Levels seen in this place.
 G = Mean time per level.
                   A        B        C        D        E       F      G
               +--------+--------+--------+--------+--------+-----+--------+
         Total |   5198 |   4678 |    520 |    451 |   2944 |   6 |  866.3 |
       Dungeon |   4974 |   4454 |    520 |    451 |   2817 |   5 |  994.8 |
         Sewer |    223 |    223 |      0 |      0 |    127 |   1 |  223.0 |
               +--------+--------+--------+--------+--------+-----+--------+

Top non-repeatable levels by time:
     D:3: 1257 daAuts
     D:1: 1200 daAuts
     D:4: 1197 daAuts
     D:2: 796 daAuts
     D:5: 521 daAuts
   Sewer: 223 daAuts
